Detroit Red Wings vs Edmonton Oilers
(R1)
Created - Saturday, May 20, 2023 at 07:26
Goals
|
| Detroit Red Wings |
1 |
2 |
1 |
4 |
| Edmonton Oilers |
3 |
3 |
0 |
6 |
|
Shots
|
| Detroit Red Wings |
9 |
13 |
14 |
36 |
| Edmonton Oilers |
13 |
11 |
10 |
34 |
|
1st period
1. Edmonton Oilers , Adrian Kempe 26 (Mikael Backlund 16) at 8:32
2. Edmonton Oilers , Damon Severson 6 (Unassisted) at 10:19
3. Edmonton Oilers , Boone Jenner 27 (Adrian Kempe 25, Anthony Duclair 28) at 11:07 (PP)
4. Detroit Red Wings , Jonathan Huberdeau 24 (Auston Matthews 36) at 14:56 (PP)
Penalties :
Auston Matthews (DET) for Hooking (Minor) at 4:57, MacKenzie Weegar (DET) for Holding Stick (Minor) at 10:34, Evan Bouchard (EDM) for Interference (Minor) at 14:46
2nd period
5. Edmonton Oilers , Cam Atkinson 19 (Brock Boeser 15, Evan Bouchard 8) at 5:45 (PP)
6. Detroit Red Wings , Jason Spezza 7 (Kris Letang 29, Jason Zucker 7) at 10:25
7. Detroit Red Wings , Arthur Kaliyev 10 (Auston Matthews 37, Jonathan Huberdeau 44) at 10:41
8. Edmonton Oilers , Adrian Kempe 27 (Anthony Duclair 29, Ryan Getzlaf 24) at 16:00
9. Edmonton Oilers , Anthony Duclair 16 (Brandon Carlo 8, Ryan Getzlaf 25) at 17:49
Penalties :
Auston Matthews (DET) for Hooking (Minor) at 4:09, Brett Pesce (EDM) for Cross-checking (Minor) at 12:28
3rd period
10. Detroit Red Wings , Jason Spezza 8 (Mika Zibanejad 32, MacKenzie Weegar 16) at 5:31
Penalties :
Michael Del Zotto (DET) for Interference (Minor) at 3:28, Jonathan Huberdeau (DET) for High sticking (Minor) at 6:01, Sergei Bobrovsky (DET) for Delaying the game (Minor) at 15:24 - Kris Letang served the penalty
Goalie Stats
Sergei Bobrovsky (DET), 15 saves from 17 shots - (0.882), L, 10-13-0, 34:15 minutes
Semyon Varlamov (DET), 13 saves from 17 shots - (0.765), 25:45 minutes
Matt Murray (EDM), 32 saves from 36 shots - (0.889), W, 9-10-1, 60:00 minutes
Players Stats for Detroit Red Wings
Player Name G A P +/- PIM S H SB GA TA FO MP PP MP PK MP
------------------------------------------------------------------------------------
Arthur Kaliyev 1 0 1 0 0 2 0 0 0 0 0/3 16:48 0:00 0:00
Auston Matthews 0 2 2 0 4 6 1 0 0 0 18/33 20:30 1:07 2:44
Brock Nelson 0 0 0 -1 0 5 3 0 1 0 1/6 15:11 1:07 4:31
Daniel Sprong 0 0 0 1 0 3 0 0 1 0 0/0 9:56 0:00 0:00
Jamie Drysdale 0 0 0 -1 0 0 0 1 1 0 0/0 16:31 1:10 1:34
Jared McCann 0 0 0 -2 0 1 0 0 0 1 0/0 13:13 1:02 0:29
Jason Spezza 2 0 2 2 0 4 1 0 0 0 3/7 11:26 0:00 1:42
Jason Zucker 0 1 1 2 0 0 1 2 0 0 0/0 10:19 0:00 0:46
Jonathan Huberdeau 1 1 2 0 2 5 0 0 1 0 1/4 17:48 1:07 0:00
Keith Yandle 0 0 0 -1 0 0 0 0 0 0 0/0 12:40 0:00 1:09
Kris Letang 0 1 1 -1 0 3 1 2 0 1 0/0 25:48 0:59 3:14
MacKenzie Weegar 0 1 1 -1 2 1 4 3 0 0 0/0 24:35 0:59 4:25
Michael Del Zotto 0 0 0 2 2 0 2 0 0 0 0/0 19:35 0:00 4:45
Mika Zibanejad 0 1 1 -2 0 2 1 0 1 0 5/16 17:53 1:02 5:10
Nick Ritchie 0 0 0 -1 0 0 2 0 0 0 0/0 9:33 0:00 0:00
Sean Couturier 0 0 0 -2 0 3 1 0 0 0 0/0 17:31 1:02 4:48
Shayne Gostisbehere 0 0 0 1 0 0 0 3 0 1 0/0 21:00 1:10 5:03
Tyler Ennis 0 0 0 -1 0 1 0 0 0 2 0/0 9:33 0:00 0:00
Players Stats for Edmonton Oilers
Player Name G A P +/- PIM S H SB GA TA FO MP PP MP PK MP
------------------------------------------------------------------------------------
Adrian Kempe 2 1 3 2 0 9 4 0 1 0 0/0 19:42 4:23 0:59
Anthony Duclair 1 2 3 1 0 5 0 0 0 0 0/0 19:08 5:32 0:00
Boone Jenner 1 0 1 0 0 4 1 1 0 0 15/27 20:42 4:23 1:05
Brandon Carlo 0 1 1 1 0 0 0 1 0 0 0/0 16:28 0:00 1:09
Brett Pesce 0 0 0 2 2 1 0 1 0 1 0/0 21:51 0:00 0:10
Brock Boeser 0 1 1 -1 0 2 0 0 1 0 0/1 15:42 5:29 0:00
Cam Atkinson 1 0 1 -1 0 3 0 0 0 0 0/0 20:15 4:33 0:05
Damon Severson 1 0 1 1 0 1 3 0 0 0 0/0 23:40 5:32 0:50
Duncan Keith 0 0 0 1 0 0 1 1 0 0 0/0 16:04 0:00 0:37
Erik Johnson 0 0 0 0 0 1 2 0 0 1 0/0 16:15 0:00 1:32
Evan Bouchard 0 1 1 -2 2 0 0 1 0 1 0/0 15:01 4:33 0:00
Jake DeBrusk 0 0 0 1 0 0 0 0 2 0 0/0 10:32 0:00 0:00
Jakub Voracek 0 0 0 0 0 0 0 0 0 1 0/0 13:13 5:29 0:00
Jamie Benn 0 0 0 0 0 4 2 0 0 0 0/0 19:36 4:29 0:00
Mikael Backlund 0 1 1 0 0 1 2 1 1 0 6/10 11:56 0:13 0:59
Paul Stastny 0 0 0 -1 0 3 0 0 0 0 0/1 9:30 0:15 0:05
Ryan Getzlaf 0 2 2 1 0 0 0 1 0 1 18/28 18:48 5:29 0:00
Sean Kuraly 0 0 0 -1 0 0 0 1 0 0 2/2 9:25 0:05 1:05
3 Stars
1 - Adrian Kempe (EDM)
2 - Anthony Duclair (EDM)
3 - Jason Spezza (DET)
Power Play
Detroit Red Wings - 1 on 3 Attempt(s) - 33.33%
Edmonton Oilers - 2 on 5 Attempt(s) - 40.00%
Penalty Kill
Detroit Red Wings - 3 on 5 Attempt(s) - 60.00%
- Score 0 goal in Penalty Kill
Edmonton Oilers - 2 on 3 Attempt(s) - 66.67%
- Score 0 goal in Penalty Kill
Team Stat
Detroit Red Wings - Hits : 17 - Faceoff Wins : 28 - Blocked Shots : 11 - Penalty Minutes : 12
Edmonton Oilers - Hits : 15 - Faceoff Wins : 41 - Blocked Shots : 8 - Penalty Minutes : 4
Official
Referees : Jacob Brenk and Tom Chmielewski
Linesman : Lonnie Cameron and Mike Cvik
Game Notes
10:19 of 1st period - Penalty Shot by Damon Severson for Edmonton Oilers - Goal!
Sergei Bobrovsky enters game at 5:45 of 2nd period
Finance
Level 1 -- Attendance: 5935 (98.92%) -- Ticket Income $575,695
Level 2 -- Attendance: 5000 (100.00%) -- Ticket Income $285,000
Level 3 -- Attendance: 2863 (95.43%) -- Ticket Income $97,342
Level 4 -- Attendance: 4919 (98.38%) -- Ticket Income $113,137
Luxury Box -- Attendance: 998 (99.80%) -- Ticket Income $191,616
Game was played at the Rexall Place.
Total Attendance: 19715 (98.58%)
Total Ticket Income: $1,262,790
Other Income: $441,976
Total Income: $1,704,766
Detroit Red Wings
5 vs 5 Forward
Center Left Wing Right Wing Time % Phy DF OF
1 Auston Matthews Jonathan Huberdeau Arthur Kaliyev 40 1 2 2
2 Mika Zibanejad Jared McCann Sean Couturier 30 1 2 2
3 Brock Nelson Tyler Ennis Nick Ritchie 20 1 2 2
4 Jason Spezza Jason Zucker Daniel Sprong 10 1 2 2
5 vs 5 Defense
Defense Defense Time % Phy DF OF
1 Kris Letang MacKenzie Weegar 40 1 2 2
2 Michael Del Zotto Shayne Gostisbehere 30 1 2 2
3 Jamie Drysdale Keith Yandle 20 1 2 2
4 Kris Letang Jamie Drysdale 10 1 2 2
PowerPlay Forward
Center Left Wing Right Wing Time % Phy DF OF
1 Auston Matthews Jonathan Huberdeau Brock Nelson 50 1 2 2
2 Mika Zibanejad Jared McCann Sean Couturier 50 1 2 2
PowerPlay Defense
Defense Defense Time % Phy DF OF
1 Kris Letang MacKenzie Weegar 50 1 2 2
2 Shayne Gostisbehere Jamie Drysdale 50 1 2 2
Penalty Kill 4 Players Forward
Center Wing Time % Phy DF OF
1 Auston Matthews Brock Nelson 50 1 2 2
2 Mika Zibanejad Sean Couturier 50 1 2 2
Penalty Kill 4 Players Defense
Defense Defense Time % Phy DF OF
1 Kris Letang MacKenzie Weegar 50 1 2 2
2 Shayne Gostisbehere Michael Del Zotto 50 1 2 2
Penalty Kill - 3 Players Forward
Forward Time % Phy DF OF
1 Mika Zibanejad 50 1 2 2
2 Sean Couturier 50 1 2 2
Penalty Kill - 3 Players Defense
Defense Defense Time % Phy DF OF
1 Kris Letang MacKenzie Weegar 50 1 2 2
2 Shayne Gostisbehere Jamie Drysdale 50 1 2 2
4 vs 4 Forward
Center Wing Time % Phy DF OF
1 Auston Matthews Jonathan Huberdeau 60 1 2 2
2 Mika Zibanejad Sean Couturier 40 1 2 2
4 vs 4 Defense
Defense Defense Time % Phy DF OF
1 Kris Letang MacKenzie Weegar 60 1 2 2
2 Shayne Gostisbehere Jamie Drysdale 40 1 2 2
Last Minutes Offensive
Center Left Wing Right Wing Defense Defense
Auston Matthews Jonathan Huberdeau Mika Zibanejad Kris Letang MacKenzie Weegar
Last Minutes Defensive
Center Left Wing Right Wing Defense Defense
Auston Matthews Sean Couturier Mika Zibanejad Kris Letang MacKenzie Weegar
Goaltenders
Starting : Semyon Varlamov
Backup : Sergei Bobrovsky
Extra Forwards
Normal : Sean Couturier, Daniel Sprong, Arthur Kaliyev - PP : Jason Spezza, Nick Ritchie - PK : Jason Spezza
Extra Defensemen
Normal : Michael Del Zotto, Keith Yandle, Shayne Gostisbehere - PP : Keith Yandle - PK : Michael Del Zotto, Keith Yandle
Penalty Shots
Mika Zibanejad, Jonathan Huberdeau, Auston Matthews, Sean Couturier, Kris Letang
Edmonton Oilers
5 vs 5 Forward
Center Left Wing Right Wing Time % Phy DF OF
1 Boone Jenner Jamie Benn Cam Atkinson 35 0 2 3
2 Ryan Getzlaf Anthony Duclair Adrian Kempe 34 0 2 3
3 Mikael Backlund Jake DeBrusk Brock Boeser 21 0 2 3
4 Sean Kuraly Paul Stastny Jakub Voracek 10 1 2 2
5 vs 5 Defense
Defense Defense Time % Phy DF OF
1 Damon Severson Brett Pesce 35 0 3 2
2 Duncan Keith Brandon Carlo 31 0 4 1
3 Erik Johnson Evan Bouchard 22 1 2 2
4 Erik Johnson Brett Pesce 12 1 4 0
PowerPlay Forward
Center Left Wing Right Wing Time % Phy DF OF
1 Boone Jenner Jamie Benn Adrian Kempe 60 0 0 5
2 Ryan Getzlaf Jakub Voracek Brock Boeser 40 0 0 5
PowerPlay Defense
Defense Defense Time % Phy DF OF
1 Damon Severson Anthony Duclair 60 0 1 4
2 Evan Bouchard Cam Atkinson 40 0 1 4
Penalty Kill 4 Players Forward
Center Wing Time % Phy DF OF
1 Boone Jenner Sean Kuraly 50 1 4 0
2 Mikael Backlund Adrian Kempe 50 1 4 0
Penalty Kill 4 Players Defense
Defense Defense Time % Phy DF OF
1 Erik Johnson Brett Pesce 60 1 4 0
2 Damon Severson Brandon Carlo 40 1 4 0
Penalty Kill - 3 Players Forward
Forward Time % Phy DF OF
1 Boone Jenner 50 0 5 0
2 Mikael Backlund 50 0 5 0
Penalty Kill - 3 Players Defense
Defense Defense Time % Phy DF OF
1 Erik Johnson Brett Pesce 50 1 4 0
2 Damon Severson Brandon Carlo 50 1 4 0
4 vs 4 Forward
Center Wing Time % Phy DF OF
1 Jamie Benn Adrian Kempe 57 0 2 3
2 Mikael Backlund Anthony Duclair 43 0 2 3
4 vs 4 Defense
Defense Defense Time % Phy DF OF
1 Damon Severson Brett Pesce 56 0 3 2
2 Evan Bouchard Brandon Carlo 44 0 2 3
Last Minutes Offensive
Center Left Wing Right Wing Defense Defense
Boone Jenner Jamie Benn Adrian Kempe Damon Severson Evan Bouchard
Last Minutes Defensive
Center Left Wing Right Wing Defense Defense
Boone Jenner Sean Kuraly Mikael Backlund Erik Johnson Brett Pesce
Goaltenders
Starting : Matt Murray
Backup : Juuse Saros
Extra Forwards
Normal : Adrian Kempe, Brock Boeser, Paul Stastny - PP : Jakub Voracek, Paul Stastny - PK : Cam Atkinson
Extra Defensemen
Normal : Duncan Keith, Evan Bouchard, Damon Severson - PP : Duncan Keith - PK : Damon Severson, Duncan Keith
Penalty Shots
Boone Jenner, Anthony Duclair, Adrian Kempe, Cam Atkinson, Jakub Voracek
% Time on Ice - Detroit Red Wings
Lines # - Real PCT - Wanted PCT - Time Play
Normal Forward
1 - 35% - 40% - 16:41
2 - 26% - 30% - 12:30
3 - 20% - 20% - 9:33
4 - 19% - 10% - 9:02
Normal Defense
1 - 40% - 40% - 19:12
2 - 31% - 30% - 14:47
3 - 24% - 20% - 11:31
4 - 5% - 10% - 2:16
PP Forward
1 - 52% - 50% - 1:07
2 - 48% - 50% - 1:02
PP Defense
1 - 46% - 50% - 0:59
2 - 54% - 50% - 1:10
PK Forward
1 - 50% - 50% - 5:00
2 - 50% - 50% - 5:05
PK Defense
1 - 50% - 50% - 5:02
2 - 50% - 50% - 5:03
PK3 Forward
1 - 0% - 50%
2 - 0% - 50%
PK3 Defense
1 - 0% - 50%
2 - 0% - 50%
44 Forward
1 - 0% - 60%
2 - 0% - 40%
44 Defense
1 - 0% - 60%
2 - 0% - 40%
Last Minute Offensive - 0:00
Last Minute Defensive - 0:00
Total
Forward - 60:00
Defense - 60:00
|
% Time on Ice - Edmonton Oilers
Lines # - Real PCT - Wanted PCT - Time Play
Normal Forward
1 - 32% - 35% - 15:30
2 - 30% - 34% - 14:34
3 - 22% - 21% - 10:32
4 - 15% - 10% - 7:10
Normal Defense
1 - 36% - 35% - 17:18
2 - 33% - 31% - 15:45
3 - 21% - 22% - 10:03
4 - 10% - 12% - 4:40
PP Forward
1 - 46% - 60% - 4:36
2 - 54% - 40% - 5:29
PP Defense
1 - 55% - 60% - 5:32
2 - 45% - 40% - 4:33
PK Forward
1 - 50% - 50% - 1:05
2 - 50% - 50% - 1:04
PK Defense
1 - 100% - 60% - 2:09
2 - 0% - 40% - 0:00
PK3 Forward
1 - 0% - 50%
2 - 0% - 50%
PK3 Defense
1 - 0% - 50%
2 - 0% - 50%
44 Forward
1 - 0% - 57%
2 - 0% - 43%
44 Defense
1 - 0% - 56%
2 - 0% - 44%
Last Minute Offensive - 0:00
Last Minute Defensive - 0:00
Total
Forward - 60:00
Defense - 60:00
|
Play-by-Play
1st period
0:01 of 1st period - Auston Matthews wins face-off versus Boone Jenner in neutral zone.
0:14 of 1st period - Wrist shot by Auston Matthews.
0:14 of 1st period - Shot Blocked by Boone Jenner.
0:16 of 1st period - Slapshot by MacKenzie Weegar.
0:16 of 1st period - Deflect By Jonathan Huberdeau.
0:16 of 1st period - Stopped by Matt Murray with a rebound.
0:23 of 1st period - Icing by Boone Jenner.
0:24 of 1st period - Boone Jenner wins face-off versus Mika Zibanejad in Edmonton Oilers zone.
0:49 of 1st period - Shayne Gostisbehere is hit by Duncan Keith and loses puck.
1:30 of 1st period - Wrist shot by Auston Matthews.
1:30 of 1st period - Stopped by Matt Murray with a rebound.
1:35 of 1st period - Icing by Cam Atkinson.
1:36 of 1st period - Boone Jenner wins face-off versus Jonathan Huberdeau in Edmonton Oilers zone.
1:45 of 1st period - Snap shot by Boone Jenner.
1:45 of 1st period - Shot Misses the Net.
2:02 of 1st period - Boone Jenner is hit by Brock Nelson.
2:06 of 1st period - Snap shot by Jamie Benn.
2:06 of 1st period - Shot Misses the Net.
2:08 of 1st period - Snap shot by Brett Pesce.
2:08 of 1st period - Shot Misses the Net.
2:24 of 1st period - Wrist shot by Cam Atkinson.
2:24 of 1st period - Stopped by Semyon Varlamov with a rebound.
2:58 of 1st period - Wrist shot by Nick Ritchie.
2:58 of 1st period - Deflect By Brock Nelson.
2:58 of 1st period - Stopped by Matt Murray with a rebound.
3:06 of 1st period - Wrist shot by Brock Nelson.
3:06 of 1st period - Stopped by Matt Murray without a rebound.
3:07 of 1st period - Ryan Getzlaf wins face-off versus Mika Zibanejad in Edmonton Oilers zone.
3:14 of 1st period - Snap shot by Adrian Kempe.
3:14 of 1st period - Stopped by Semyon Varlamov with a rebound.
3:58 of 1st period - Icing by Jason Spezza.
3:59 of 1st period - Sean Kuraly wins face-off versus Jason Spezza in Detroit Red Wings zone.
4:48 of 1st period - Slapshot by Jason Zucker.
4:48 of 1st period - Shot Blocked by Sean Kuraly.
4:50 of 1st period - Slapshot by Shayne Gostisbehere.
4:50 of 1st period - Deflect By Daniel Sprong.
4:50 of 1st period - Shot Misses the Net.
4:50 of 1st period - Puck is out of play.
4:51 of 1st period - Ryan Getzlaf wins face-off versus Auston Matthews in Edmonton Oilers zone.
4:57 of 1st period - Minor Penalty to Auston Matthews for Hooking.
4:58 of 1st period - Jason Spezza wins face-off versus Boone Jenner in Detroit Red Wings zone.
5:30 of 1st period - Icing by Ryan Getzlaf.
5:31 of 1st period - Ryan Getzlaf wins face-off versus Jason Spezza in Edmonton Oilers zone.
6:08 of 1st period - Slapshot by Brock Boeser.
6:08 of 1st period - Stopped by Semyon Varlamov with a rebound.
6:57 of 1st period - Penalty to Auston Matthews is over, Auston Matthews is back on ice.
7:12 of 1st period - Backhand shot by Brock Boeser.
7:12 of 1st period - Stopped by Semyon Varlamov without a rebound.
7:13 of 1st period - Auston Matthews wins face-off versus Boone Jenner in Detroit Red Wings zone.
7:40 of 1st period - MacKenzie Weegar is hit by Mikael Backlund.
7:46 of 1st period - Backhand shot by Auston Matthews.
7:46 of 1st period - Stopped by Matt Murray without a rebound.
7:47 of 1st period - Mika Zibanejad wins face-off versus Mikael Backlund in Edmonton Oilers zone.
8:10 of 1st period - Mikael Backlund is hit by Nick Ritchie and loses puck.
8:32 of 1st period - Snap shot by Adrian Kempe.
8:32 of 1st period - Goal by Adrian Kempe - Detroit Red Wings : 0 - Edmonton Oilers : 1.
8:33 of 1st period - Boone Jenner wins face-off versus Arthur Kaliyev in neutral zone.
9:03 of 1st period - Icing by MacKenzie Weegar.
9:04 of 1st period - Mika Zibanejad wins face-off versus Ryan Getzlaf in Detroit Red Wings zone.
9:13 of 1st period - Wrist shot by Mika Zibanejad.
9:13 of 1st period - Shot Misses the Net.
9:31 of 1st period - Snap shot by Mika Zibanejad.
9:31 of 1st period - Stopped by Matt Murray without a rebound.
9:32 of 1st period - Boone Jenner wins face-off versus Auston Matthews in Edmonton Oilers zone.
9:50 of 1st period - Auston Matthews is hit by Jamie Benn and loses puck.
10:19 of 1st period - Penalty Shot by Damon Severson for Edmonton Oilers.
10:19 of 1st period - Snap shot by Damon Severson.
10:19 of 1st period - Goal by Damon Severson - Detroit Red Wings : 0 - Edmonton Oilers : 2.
10:20 of 1st period - Ryan Getzlaf wins face-off versus Auston Matthews in neutral zone.
10:21 of 1st period - Ryan Getzlaf wins face-off versus Auston Matthews in Edmonton Oilers zone.
10:30 of 1st period - Slapshot by Adrian Kempe.
10:30 of 1st period - Stopped by Semyon Varlamov without a rebound.
10:31 of 1st period - Auston Matthews wins face-off versus Ryan Getzlaf in Detroit Red Wings zone.
10:31 of 1st period - Auston Matthews is hit by Erik Johnson.
10:34 of 1st period - Minor Penalty to MacKenzie Weegar for Holding Stick.
10:35 of 1st period - Boone Jenner wins face-off versus Mika Zibanejad in Detroit Red Wings zone.
10:37 of 1st period - Snap shot by Adrian Kempe.
10:37 of 1st period - Shot Misses the Net.
10:39 of 1st period - Slapshot by Boone Jenner.
10:39 of 1st period - Stopped by Semyon Varlamov with a rebound.
10:41 of 1st period - Slapshot by Damon Severson.
10:41 of 1st period - Shot Blocked by Shayne Gostisbehere.
10:43 of 1st period - Snap shot by Jamie Benn.
10:43 of 1st period - Stopped by Semyon Varlamov without a rebound.
10:44 of 1st period - Boone Jenner wins face-off versus Mika Zibanejad in Detroit Red Wings zone.
10:57 of 1st period - Snap shot by Jamie Benn.
10:57 of 1st period - Stopped by Semyon Varlamov with a rebound.
10:59 of 1st period - Slapshot by Anthony Duclair.
10:59 of 1st period - Shot Blocked by Shayne Gostisbehere.
11:05 of 1st period - Snap shot by Adrian Kempe.
11:05 of 1st period - Stopped by Semyon Varlamov with a rebound.
11:07 of 1st period - Slapshot by Boone Jenner.
11:07 of 1st period - Goal by Boone Jenner - Detroit Red Wings : 0 - Edmonton Oilers : 3.
11:08 of 1st period - Ryan Getzlaf wins face-off versus Auston Matthews in neutral zone.
11:24 of 1st period - Snap shot by Adrian Kempe.
11:24 of 1st period - Shot Misses the Net.
11:34 of 1st period - Mika Zibanejad is hit by Damon Severson and loses puck.
12:19 of 1st period - Wrist shot by Paul Stastny.
12:19 of 1st period - Stopped by Semyon Varlamov with a rebound.
12:21 of 1st period - Slapshot by Brandon Carlo.
12:21 of 1st period - Shot Misses the Net.
12:41 of 1st period - Snap shot by Anthony Duclair.
12:41 of 1st period - Stopped by Semyon Varlamov without a rebound.
12:42 of 1st period - Auston Matthews wins face-off versus Ryan Getzlaf in Detroit Red Wings zone.
13:12 of 1st period - Cam Atkinson is hit by Sean Couturier and loses puck.
14:30 of 1st period - Wrist shot by Boone Jenner.
14:30 of 1st period - Shot Misses the Net.
14:46 of 1st period - Minor Penalty to Evan Bouchard for Interference.
14:47 of 1st period - Auston Matthews wins face-off versus Boone Jenner in Edmonton Oilers zone.
14:56 of 1st period - Snap shot by Jonathan Huberdeau.
14:56 of 1st period - Goal by Jonathan Huberdeau - Detroit Red Wings : 1 - Edmonton Oilers : 3.
14:57 of 1st period - Auston Matthews wins face-off versus Ryan Getzlaf in neutral zone.
15:19 of 1st period - Icing by Duncan Keith.
15:20 of 1st period - Boone Jenner wins face-off versus Mika Zibanejad in Edmonton Oilers zone.
16:28 of 1st period - Slapshot by Shayne Gostisbehere.
16:28 of 1st period - Shot Blocked by Brett Pesce.
16:30 of 1st period - Slapshot by Jason Spezza.
16:30 of 1st period - Stopped by Matt Murray with a rebound.
16:32 of 1st period - Slapshot by Michael Del Zotto.
16:32 of 1st period - Deflect By Jason Spezza.
16:32 of 1st period - Shot Misses the Net.
16:32 of 1st period - Puck is out of play.
16:33 of 1st period - Ryan Getzlaf wins face-off versus Auston Matthews in Edmonton Oilers zone.
17:32 of 1st period - Slapshot by Kris Letang.
17:32 of 1st period - Shot Blocked by Mikael Backlund.
18:35 of 1st period - Snap shot by Cam Atkinson.
18:35 of 1st period - Shot Misses the Net.
19:32 of 1st period - Auston Matthews is hit by Adrian Kempe and loses puck.
19:47 of 1st period - Snap shot by Auston Matthews.
19:47 of 1st period - Stopped by Matt Murray without a rebound.
19:48 of 1st period - Boone Jenner wins face-off versus Mika Zibanejad in Edmonton Oilers zone.
Goals for this period are 1 for Detroit Red Wings vs 3 for Edmonton Oilers.
Shots for this period are 9 for Detroit Red Wings vs 13 for Edmonton Oilers.
2nd period
0:01 of 2nd period - Ryan Getzlaf wins face-off versus Jonathan Huberdeau in neutral zone.
0:46 of 2nd period - Icing by Brandon Carlo.
0:47 of 2nd period - Boone Jenner wins face-off versus Brock Nelson in Edmonton Oilers zone.
1:38 of 2nd period - Wrist shot by Sean Couturier.
1:38 of 2nd period - Stopped by Matt Murray without a rebound.
1:39 of 2nd period - Ryan Getzlaf wins face-off versus Auston Matthews in Edmonton Oilers zone.
2:05 of 2nd period - Backhand shot by Jamie Benn.
2:05 of 2nd period - Shot Misses the Net.
2:07 of 2nd period - Wrist shot by Boone Jenner.
2:07 of 2nd period - Stopped by Semyon Varlamov with a rebound.
3:05 of 2nd period - Damon Severson is hit by MacKenzie Weegar and loses puck.
3:16 of 2nd period - Snap shot by Paul Stastny.
3:16 of 2nd period - Stopped by Semyon Varlamov with a rebound.
3:18 of 2nd period - Snap shot by Paul Stastny.
3:18 of 2nd period - Stopped by Semyon Varlamov with a rebound.
3:20 of 2nd period - Snap shot by Paul Stastny.
3:20 of 2nd period - Shot Misses the Net.
3:22 of 2nd period - Slapshot by Brett Pesce.
3:22 of 2nd period - Shot Misses the Net.
3:24 of 2nd period - Slapshot by Brett Pesce.
3:24 of 2nd period - Shot Blocked by MacKenzie Weegar.
3:26 of 2nd period - Snap shot by Sean Kuraly.
3:26 of 2nd period - Shot Blocked by MacKenzie Weegar.
3:28 of 2nd period - Wrist shot by Paul Stastny.
3:28 of 2nd period - Shot Blocked by Kris Letang.
3:30 of 2nd period - Slapshot by Brett Pesce.
3:30 of 2nd period - Shot Blocked by MacKenzie Weegar.
3:42 of 2nd period - Slapshot by Kris Letang.
3:42 of 2nd period - Stopped by Matt Murray with a rebound.
3:54 of 2nd period - Wrist shot by Paul Stastny.
3:54 of 2nd period - Deflect By Jakub Voracek.
3:54 of 2nd period - Shot Blocked by Jason Zucker.
3:54 of 2nd period - Puck is out of play.
3:55 of 2nd period - Ryan Getzlaf wins face-off versus Auston Matthews in Detroit Red Wings zone.
4:09 of 2nd period - Minor Penalty to Auston Matthews for Hooking.
4:10 of 2nd period - Jason Spezza wins face-off versus Boone Jenner in Detroit Red Wings zone.
5:37 of 2nd period - Snap shot by Brock Boeser.
5:37 of 2nd period - Shot Blocked by Jason Zucker.
5:39 of 2nd period - Slapshot by Evan Bouchard.
5:39 of 2nd period - Shot Misses the Net.
5:41 of 2nd period - Slapshot by Brock Boeser.
5:41 of 2nd period - Shot Misses the Net.
5:43 of 2nd period - Slapshot by Cam Atkinson.
5:43 of 2nd period - Shot Blocked by Shayne Gostisbehere.
5:45 of 2nd period - Slapshot by Cam Atkinson.
5:45 of 2nd period - Goal by Cam Atkinson - Detroit Red Wings : 1 - Edmonton Oilers : 4.
5:45 of 2nd period - Sergei Bobrovsky enters game.
5:46 of 2nd period - Auston Matthews wins face-off versus Paul Stastny in neutral zone.
5:53 of 2nd period - Wrist shot by Adrian Kempe.
5:53 of 2nd period - Shot Misses the Net.
5:57 of 2nd period - Wrist shot by Adrian Kempe.
5:57 of 2nd period - Shot Misses the Net.
6:36 of 2nd period - Slapshot by Kris Letang.
6:36 of 2nd period - Shot Misses the Net.
6:56 of 2nd period - Snap shot by Sean Couturier.
6:56 of 2nd period - Stopped by Matt Murray with a rebound.
7:00 of 2nd period - Snap shot by Jared McCann.
7:00 of 2nd period - Stopped by Matt Murray with a rebound.
7:22 of 2nd period - Wrist shot by Anthony Duclair.
7:22 of 2nd period - Stopped by Sergei Bobrovsky with a rebound.
8:32 of 2nd period - Brett Pesce is hit by Michael Del Zotto and loses puck.
9:00 of 2nd period - Damon Severson is hit by Auston Matthews and loses puck.
9:11 of 2nd period - Snap shot by Boone Jenner.
9:11 of 2nd period - Deflect By MacKenzie Weegar.
9:11 of 2nd period - Shot Misses the Net.
9:11 of 2nd period - Puck is out of play.
9:12 of 2nd period - Sean Kuraly wins face-off versus Jason Spezza in Detroit Red Wings zone.
9:51 of 2nd period - Backhand shot by Daniel Sprong.
9:51 of 2nd period - Shot Misses the Net.
9:53 of 2nd period - Wrist shot by Jason Zucker.
9:53 of 2nd period - Deflect By Daniel Sprong.
9:53 of 2nd period - Deflect By Brock Boeser.
9:53 of 2nd period - Stopped by Matt Murray with a rebound.
10:15 of 2nd period - Wrist shot by Daniel Sprong.
10:15 of 2nd period - Stopped by Matt Murray with a rebound.
10:19 of 2nd period - Slapshot by Kris Letang.
10:19 of 2nd period - Shot Misses the Net.
10:21 of 2nd period - Slapshot by Jason Spezza.
10:21 of 2nd period - Deflect By Evan Bouchard.
10:21 of 2nd period - Stopped by Matt Murray with a rebound.
10:23 of 2nd period - Snap shot by Jason Spezza.
10:23 of 2nd period - Shot Misses the Net.
10:25 of 2nd period - Wrist shot by Jason Spezza.
10:25 of 2nd period - Goal by Jason Spezza - Detroit Red Wings : 2 - Edmonton Oilers : 4.
10:26 of 2nd period - Auston Matthews wins face-off versus Ryan Getzlaf in neutral zone.
10:39 of 2nd period - Wrist shot by Auston Matthews.
10:39 of 2nd period - Shot Misses the Net.
10:41 of 2nd period - Snap shot by Arthur Kaliyev.
10:41 of 2nd period - Goal by Arthur Kaliyev - Detroit Red Wings : 3 - Edmonton Oilers : 4.
10:42 of 2nd period - Boone Jenner wins face-off versus Jonathan Huberdeau in neutral zone.
10:45 of 2nd period - Snap shot by Cam Atkinson.
10:45 of 2nd period - Shot Misses the Net.
11:33 of 2nd period - Slapshot by Brock Nelson.
11:33 of 2nd period - Stopped by Matt Murray without a rebound.
11:34 of 2nd period - Brock Nelson wins face-off versus Mikael Backlund in Edmonton Oilers zone.
11:56 of 2nd period - Icing by Brock Boeser.
11:57 of 2nd period - Mikael Backlund wins face-off versus Auston Matthews in Edmonton Oilers zone.
12:10 of 2nd period - Snap shot by Jamie Benn.
12:10 of 2nd period - Stopped by Sergei Bobrovsky without a rebound.
12:11 of 2nd period - Auston Matthews wins face-off versus Ryan Getzlaf in Detroit Red Wings zone.
12:26 of 2nd period - Snap shot by Auston Matthews.
12:26 of 2nd period - Shot Blocked by Ryan Getzlaf.
12:28 of 2nd period - Minor Penalty to Brett Pesce for Cross-checking.
12:29 of 2nd period - Mika Zibanejad wins face-off versus Mikael Backlund in Edmonton Oilers zone.
12:36 of 2nd period - Wrist shot by Mika Zibanejad.
12:36 of 2nd period - Shot Misses the Net.
14:28 of 2nd period - Penalty to Brett Pesce is over, Brett Pesce is back on ice.
14:42 of 2nd period - Off-side.
14:43 of 2nd period - Jason Spezza wins face-off versus Boone Jenner in neutral zone.
14:50 of 2nd period - Brett Pesce is hit by Michael Del Zotto and loses puck.
14:59 of 2nd period - Wrist shot by Daniel Sprong.
14:59 of 2nd period - Stopped by Matt Murray with a rebound.
15:34 of 2nd period - Boone Jenner is hit by Jason Spezza.
15:38 of 2nd period - Slapshot by Kris Letang.
15:38 of 2nd period - Stopped by Matt Murray without a rebound.
15:39 of 2nd period - Ryan Getzlaf wins face-off versus Arthur Kaliyev in Edmonton Oilers zone.
15:48 of 2nd period - Snap shot by Adrian Kempe.
15:48 of 2nd period - Stopped by Sergei Bobrovsky with a rebound.
15:50 of 2nd period - Slapshot by Erik Johnson.
15:50 of 2nd period - Deflect By Anthony Duclair.
15:50 of 2nd period - Shot Misses the Net.
15:50 of 2nd period - Puck is out of play.
15:51 of 2nd period - Ryan Getzlaf wins face-off versus Auston Matthews in Detroit Red Wings zone.
15:52 of 2nd period - Snap shot by Anthony Duclair.
15:52 of 2nd period - Stopped by Sergei Bobrovsky with a rebound.
15:58 of 2nd period - Slapshot by Anthony Duclair.
15:58 of 2nd period - Shot Blocked by Kris Letang.
16:00 of 2nd period - Backhand shot by Adrian Kempe.
16:00 of 2nd period - Goal by Adrian Kempe - Detroit Red Wings : 3 - Edmonton Oilers : 5.
16:01 of 2nd period - Ryan Getzlaf wins face-off versus Auston Matthews in neutral zone.
16:04 of 2nd period - Auston Matthews is hit by Adrian Kempe and loses puck.
16:13 of 2nd period - Adrian Kempe is hit by Kris Letang and loses puck.
17:45 of 2nd period - Snap shot by Adrian Kempe.
17:45 of 2nd period - Stopped by Sergei Bobrovsky with a rebound.
17:47 of 2nd period - Snap shot by Ryan Getzlaf.
17:47 of 2nd period - Shot Misses the Net.
17:49 of 2nd period - Slapshot by Brandon Carlo.
17:49 of 2nd period - Deflect By Anthony Duclair.
17:49 of 2nd period - Goal by Anthony Duclair - Detroit Red Wings : 3 - Edmonton Oilers : 6.
17:50 of 2nd period - Auston Matthews wins face-off versus Ryan Getzlaf in neutral zone.
18:00 of 2nd period - Wrist shot by Jonathan Huberdeau.
18:00 of 2nd period - Stopped by Matt Murray without a rebound.
18:01 of 2nd period - Auston Matthews wins face-off versus Boone Jenner in Edmonton Oilers zone.
18:12 of 2nd period - Slapshot by Auston Matthews.
18:12 of 2nd period - Shot Misses the Net.
18:26 of 2nd period - Kris Letang is hit by Adrian Kempe and loses puck.
18:53 of 2nd period - Mikael Backlund is hit by Jason Zucker and loses puck.
Goals for this period are 2 for Detroit Red Wings vs 3 for Edmonton Oilers.
Shots for this period are 13 for Detroit Red Wings vs 11 for Edmonton Oilers.
3rd period
0:01 of 3rd period - Auston Matthews wins face-off versus Ryan Getzlaf in neutral zone.
0:10 of 3rd period - Snap shot by Auston Matthews.
0:10 of 3rd period - Stopped by Matt Murray without a rebound.
0:11 of 3rd period - Auston Matthews wins face-off versus Boone Jenner in Edmonton Oilers zone.
0:20 of 3rd period - Snap shot by Auston Matthews.
0:20 of 3rd period - Shot Blocked by Duncan Keith.
0:22 of 3rd period - Snap shot by Auston Matthews.
0:22 of 3rd period - Stopped by Matt Murray without a rebound.
0:23 of 3rd period - Auston Matthews wins face-off versus Ryan Getzlaf in Edmonton Oilers zone.
0:30 of 3rd period - Snap shot by Jonathan Huberdeau.
0:30 of 3rd period - Stopped by Matt Murray without a rebound.
0:31 of 3rd period - Ryan Getzlaf wins face-off versus Auston Matthews in Edmonton Oilers zone.
0:38 of 3rd period - Slapshot by Auston Matthews.
0:38 of 3rd period - Shot Blocked by Evan Bouchard.
0:40 of 3rd period - Wrist shot by Jonathan Huberdeau.
0:40 of 3rd period - Shot Misses the Net.
0:42 of 3rd period - Snap shot by Auston Matthews.
0:42 of 3rd period - Stopped by Matt Murray with a rebound.
0:44 of 3rd period - Snap shot by Arthur Kaliyev.
0:44 of 3rd period - Stopped by Matt Murray with a rebound.
0:46 of 3rd period - Snap shot by Auston Matthews.
0:46 of 3rd period - Shot Misses the Net.
1:04 of 3rd period - Wrist shot by Mika Zibanejad.
1:04 of 3rd period - Stopped by Matt Murray without a rebound.
1:05 of 3rd period - Boone Jenner wins face-off versus Auston Matthews in Edmonton Oilers zone.
1:14 of 3rd period - Wrist shot by Boone Jenner.
1:14 of 3rd period - Deflect By Jamie Benn.
1:14 of 3rd period - Stopped by Sergei Bobrovsky without a rebound.
1:15 of 3rd period - Auston Matthews wins face-off versus Boone Jenner in Detroit Red Wings zone.
1:20 of 3rd period - Slapshot by Shayne Gostisbehere.
1:20 of 3rd period - Shot Blocked by Brandon Carlo.
1:22 of 3rd period - Snap shot by Jonathan Huberdeau.
1:22 of 3rd period - Stopped by Matt Murray without a rebound.
1:23 of 3rd period - Ryan Getzlaf wins face-off versus Mika Zibanejad in Edmonton Oilers zone.
1:28 of 3rd period - Snap shot by Adrian Kempe.
1:28 of 3rd period - Stopped by Sergei Bobrovsky without a rebound.
1:29 of 3rd period - Ryan Getzlaf wins face-off versus Mika Zibanejad in Detroit Red Wings zone.
1:30 of 3rd period - Snap shot by Anthony Duclair.
1:30 of 3rd period - Stopped by Sergei Bobrovsky without a rebound.
1:31 of 3rd period - Ryan Getzlaf wins face-off versus Mika Zibanejad in Detroit Red Wings zone.
1:56 of 3rd period - Wrist shot by Sean Couturier.
1:56 of 3rd period - Stopped by Matt Murray with a rebound.
2:13 of 3rd period - Wrist shot by Adrian Kempe.
2:13 of 3rd period - Stopped by Sergei Bobrovsky without a rebound.
2:14 of 3rd period - Auston Matthews wins face-off versus Boone Jenner in Detroit Red Wings zone.
2:28 of 3rd period - Off-side.
2:29 of 3rd period - Mikael Backlund wins face-off versus Brock Nelson in neutral zone.
2:42 of 3rd period - Damon Severson is hit by Nick Ritchie and loses puck.
2:55 of 3rd period - MacKenzie Weegar is hit by Boone Jenner and loses puck.
3:02 of 3rd period - Wrist shot by Boone Jenner.
3:02 of 3rd period - Stopped by Sergei Bobrovsky without a rebound.
3:03 of 3rd period - Boone Jenner wins face-off versus Mika Zibanejad in Detroit Red Wings zone.
3:28 of 3rd period - Minor Penalty to Michael Del Zotto for Interference.
3:29 of 3rd period - Mika Zibanejad wins face-off versus Boone Jenner in Detroit Red Wings zone.
3:56 of 3rd period - Mika Zibanejad is hit by Damon Severson and loses puck.
5:28 of 3rd period - Penalty to Michael Del Zotto is over, Michael Del Zotto is back on ice.
5:31 of 3rd period - Snap shot by Jason Spezza.
5:31 of 3rd period - Deflect By Mikael Backlund.
5:31 of 3rd period - Goal by Jason Spezza - Detroit Red Wings : 4 - Edmonton Oilers : 6.
5:32 of 3rd period - Auston Matthews wins face-off versus Mikael Backlund in neutral zone.
5:39 of 3rd period - Off-side.
5:40 of 3rd period - Mikael Backlund wins face-off versus Auston Matthews in neutral zone.
5:51 of 3rd period - Snap shot by Mikael Backlund.
5:51 of 3rd period - Shot Misses the Net.
5:53 of 3rd period - Slapshot by Brett Pesce.
5:53 of 3rd period - Deflect By Auston Matthews.
5:53 of 3rd period - Stopped by Sergei Bobrovsky with a rebound.
5:55 of 3rd period - Wrist shot by Damon Severson.
5:55 of 3rd period - Stopped by Sergei Bobrovsky with a rebound.
6:01 of 3rd period - Minor Penalty to Jonathan Huberdeau for High sticking.
6:02 of 3rd period - Boone Jenner wins face-off versus Mika Zibanejad in Detroit Red Wings zone.
6:29 of 3rd period - Anthony Duclair is hit by Mika Zibanejad and loses puck.
6:55 of 3rd period - Michael Del Zotto is hit by Adrian Kempe and loses puck.
7:06 of 3rd period - Cam Atkinson is hit by Brock Nelson and loses puck.
8:01 of 3rd period - Penalty to Jonathan Huberdeau is over, Jonathan Huberdeau is back on ice.
8:07 of 3rd period - Slapshot by Daniel Sprong.
8:07 of 3rd period - Deflect By Cam Atkinson.
8:07 of 3rd period - Shot Misses the Net.
8:07 of 3rd period - Puck is out of play.
8:08 of 3rd period - Mikael Backlund wins face-off versus Jason Spezza in Edmonton Oilers zone.
8:18 of 3rd period - Daniel Sprong is hit by Mikael Backlund and loses puck.
8:44 of 3rd period - Snap shot by Tyler Ennis.
8:44 of 3rd period - Stopped by Matt Murray without a rebound.
8:45 of 3rd period - Ryan Getzlaf wins face-off versus Brock Nelson in Edmonton Oilers zone.
8:45 of 3rd period - Ryan Getzlaf is hit by MacKenzie Weegar.
10:02 of 3rd period - Wrist shot by Brock Nelson.
10:02 of 3rd period - Stopped by Matt Murray without a rebound.
10:03 of 3rd period - Boone Jenner wins face-off versus Brock Nelson in Edmonton Oilers zone.
10:03 of 3rd period - Boone Jenner is hit by Brock Nelson.
10:11 of 3rd period - Snap shot by Jamie Benn.
10:11 of 3rd period - Shot Misses the Net.
10:29 of 3rd period - Jonathan Huberdeau is hit by Erik Johnson and loses puck.
11:08 of 3rd period - Snap shot by Jason Spezza.
11:08 of 3rd period - Shot Misses the Net.
11:30 of 3rd period - Slapshot by Kris Letang.
11:30 of 3rd period - Deflect By Jamie Benn.
11:30 of 3rd period - Stopped by Matt Murray with a rebound.
12:52 of 3rd period - Michael Del Zotto is hit by Damon Severson and loses puck.
12:57 of 3rd period - Slapshot by Jamie Benn.
12:57 of 3rd period - Shot Misses the Net.
12:59 of 3rd period - Snap shot by Boone Jenner.
12:59 of 3rd period - Deflect By Cam Atkinson.
12:59 of 3rd period - Shot Misses the Net.
12:59 of 3rd period - Puck is out of play.
13:00 of 3rd period - Auston Matthews wins face-off versus Ryan Getzlaf in Detroit Red Wings zone.
13:05 of 3rd period - Snap shot by Anthony Duclair.
13:05 of 3rd period - Shot Misses the Net.
13:07 of 3rd period - Snap shot by Adrian Kempe.
13:07 of 3rd period - Shot Misses the Net.
13:29 of 3rd period - Slapshot by Cam Atkinson.
13:29 of 3rd period - Shot Blocked by Jamie Drysdale.
13:31 of 3rd period - Snap shot by Erik Johnson.
13:31 of 3rd period - Stopped by Sergei Bobrovsky with a rebound.
13:33 of 3rd period - Snap shot by Boone Jenner.
13:33 of 3rd period - Shot Misses the Net.
13:35 of 3rd period - Snap shot by Cam Atkinson.
13:35 of 3rd period - Stopped by Sergei Bobrovsky with a rebound.
14:31 of 3rd period - Icing by Nick Ritchie.
14:32 of 3rd period - Boone Jenner wins face-off versus Brock Nelson in Detroit Red Wings zone.
15:03 of 3rd period - Snap shot by Brock Nelson.
15:03 of 3rd period - Deflect By Jamie Benn.
15:03 of 3rd period - Stopped by Matt Murray without a rebound.
15:04 of 3rd period - Jonathan Huberdeau wins face-off versus Brock Boeser in Edmonton Oilers zone.
15:07 of 3rd period - Wrist shot by Auston Matthews.
15:07 of 3rd period - Shot Misses the Net.
15:09 of 3rd period - Slapshot by MacKenzie Weegar.
15:09 of 3rd period - Stopped by Matt Murray without a rebound.
15:10 of 3rd period - Mikael Backlund wins face-off versus Auston Matthews in Edmonton Oilers zone.
15:18 of 3rd period - Off-side.
15:19 of 3rd period - Mikael Backlund wins face-off versus Arthur Kaliyev in neutral zone.
15:24 of 3rd period - Snap shot by Mikael Backlund.
15:24 of 3rd period - Stopped by Sergei Bobrovsky without a rebound.
15:24 of 3rd period - Minor Penalty to Sergei Bobrovsky for Delaying the game.
15:25 of 3rd period - Mika Zibanejad wins face-off versus Boone Jenner in Detroit Red Wings zone.
16:53 of 3rd period - Anthony Duclair is hit by MacKenzie Weegar and loses puck.
17:18 of 3rd period - Backhand shot by MacKenzie Weegar.
17:18 of 3rd period - Shot Misses the Net.
17:24 of 3rd period - Penalty to Kris Letang is over, Kris Letang is back on ice.
19:07 of 3rd period - Sean Kuraly is hit by MacKenzie Weegar and loses puck.
19:57 of 3rd period - Jonathan Huberdeau is hit by Jamie Benn and loses puck.
Goals for this period are 1 for Detroit Red Wings vs 0 for Edmonton Oilers.
Shots for this period are 14 for Detroit Red Wings vs 10 for Edmonton Oilers.
Back to the Top